 Dungeon Crawl Stone Soup version 0.18-a0-1628-g61c6396 (webtiles) character file.

5434 Oddball22 the Fighter (level 10, -4/58 HPs)
             Began as a Vine Stalker Artificer on Mar 25, 2016.
             Was a Believer of Ru.
             Killed from afar by Yendor's ghost (7 damage)
             ... with a spray of energy
             ... on level 10 of the Dungeon.
             The game lasted 00:26:28 (8129 turns).

Oddball22 the Fighter (Vine Stalker Artificer)      Turns: 8129, Time: 00:26:29

Health: -4/58      AC:  4    Str: 15    XL:     10   Next: 68%
Magic:  0/21       EV: 10    Int: 12    God:    Ru [**....]
Gold:   734        SH:  0    Dex: 17    Spells: 0 memorised, 22 levels left

rFire  . . .     SeeInvis .     K - +2 rapier (drain)
rCold  . . .     Gourm    .     b - +0 leather armour
rNeg   . . .     Faith    .     (no shield)
rPois  .         Spirit   +     (no helmet)
rElec  .         Dismiss  .     (no cloak)
rCorr  .         Reflect  .     H - +0 pair of gloves
SustAt .         Harm     .     (no boots)
MR     +....                    (no amulet)
Stlth  ..........               Y - ring of stealth
                                m - ring of loudness (curse)

@: no scrolls, very heavily drained, somewhat resistant to hostile enchantments,
extremely unstealthy
A: fangs 3, regeneration 2, magic shield, antimagic bite, no device heal 3, rot
immunity, inability to read while threatened, no stealth
a: Renounce Religion


You were on level 10 of the Dungeon.
You worshipped Ru.
Ru was pleased with you.
You were not hungry.

You visited 2 branches of the dungeon, and saw 11 of its levels.

You collected 734 gold pieces.

Inventory:

Hand Weapons
 C - a +0 blowgun
 E - the +5 demon whip "Spellbinder" {antimagic, MR+}
   (You found it on level 10 of the Dungeon)

   It disrupts the flow of magical energy around spellcasters and certain
   magical creatures (including the wielder).
   It affects your resistance to hostile enchantments.
 K - a +2 rapier of draining (weapon)
 P - a +3 long sword of draining
 U - a +1 trident of freezing
 W - a +4 trident of venom
Missiles
 q - 5 curare-tipped needles
 y - 64 poisoned needles
 J - 28 bolts
 L - 7 needles of paralysis
Armour
 b - a +0 leather armour (worn)
 H - a +0 pair of gloves (worn)
Jewellery
 m - a cursed ring of loudness (left hand)
 p - an uncursed ring of ice {unknown}
 Y - a ring of stealth (right hand)
Wands
 c - a wand of flame (0/48)
 d - a wand of enslavement (15/24)
 e - a wand of random effects (6/48)
 g - a wand of iceblast (6/15)
 r - a wand of heal wounds (2/9)
 I - a wand of slowing (31/48)
 N - a wand of digging (11/24)
 S - a wand of iceblast (15/15)
 T - a wand of iceblast (6/15)
Scrolls
 o - 5 scrolls of recharging
 s - 6 scrolls of identify
 t - 4 scrolls of enchant weapon
 v - 3 scrolls of remove curse
 x - 2 scrolls of enchant armour {unknown}
 B - a scroll of amnesia
Potions
 a - 2 potions of invisibility
 k - 5 potions of lignification
 n - 3 potions of cure mutation
 z - 12 potions of curing
 A - 2 potions of mutation
 Q - a potion of ambrosia
 V - a potion of berserk rage
Books
 w - a Necronomicon

   Spells                             Type                      Level
   a - Haunt                          Necromancy/Summoning         7
   b - Borgnjor's Revivification      Necromancy                   8
   c - Death's Door                   Charms/Necromancy            8
   d - Necromutation                  Transmutation/Necromancy     8
 Z - a book of Flames

   Spells                             Type                      Level
   a - Flame Tongue                   Conjuration/Fire             1
   b - Throw Flame                    Conjuration/Fire             2
   c - Conjure Flame                  Conjuration/Fire             3
   d - Inner Flame                    Hexes/Fire                   3
   e - Sticky Flame                   Conjuration/Fire             4
   f - Fireball                       Conjuration/Fire             5
Comestibles
 f - 4 bread rations
 h - 7 meat rations
 i - 4 slices of pizza
 j - 4 beef jerkies
 l - 3 fruits
 u - a royal jelly
 D - 12 chunks of flesh


   Skills:
 * Level 9.1(0.0) Fighting
 - Level 0.8(0.0) Short Blades
 + Level 6.0(0.0) Dodging
 + Level 6.6(0.0) Spellcasting
 + Level 7.0(0.0) Evocations


You had 22 spell levels left.
You didn't know any spells.

Dungeon Overview and Level Annotations

Branches:
Dungeon (10/15)            Temple (1/1) D:4            Lair (0/8) D:9
    Orc (0/2) D:10

Altars:
Ashenzari
Cheibriados
Dithmenos
Elyvilon
Fedhas
Gozag
Kikubaaqudgha
Makhleb
Nemelex Xobeh
Okawaru
Pakellas
Qazlal
Ru
Sif Muna
Trog
Vehumet
Xom
Yredelemnul
Zin
The Shining One

Shops:
D:8 (   D:9 *

Annotations:
D:10 Yendor's ghost, novice SpEn


Innate Abilities, Weirdness & Mutations

You have razor-sharp teeth.
You heal very quickly.
When hurt, damage is shared between your health and your magic reserves.
Your bite disrupts and absorbs the magic of your enemies.
Potions and wands cannot restore your health.
You are immune to rotting.
You cannot read scrolls while threatened.
You cannot be stealthy.


Message History

Zapping:
r - a wand of heal wounds (will waste charges)
Press: ? - help, Shift-Dir - straight line, f - you, p - Yendor's ghost Nothing appears to happen.
Evoking this partially-identified wand wasted a few charges.
Yendor's ghost hits Yendor's ghost but does no damage.
Yendor's ghost hits you.
* * * LOW HITPOINT WARNING * * *
You feel drained.
Evoke which item? (* to show all) (? for menu, Esc to quit)
Zapping:
r - a wand of heal wounds {zapped: 3} (will waste charges)
Press: ? - help, Shift-Dir - straight line, f - you You heal Yendor's ghost.
Yendor's ghost is completely healed.
Evoking this partially-identified wand wasted a few charges.
Yendor's ghost shimmers and vanishes!
Yendor's ghost points at you and mumbles some strange words.
You resist with some effort.
You feel less confused.
Yendor's ghost points at you and mumbles some strange words.
The spray of energy hits you!
You die...

#. ###'#########
#...........#
###...........#
.'...........#
#...........#
#(..........#
#...........# ##
#....@.W....# #.
#...........# #.#
#######'##### ####.####
#.....#
........######.########
...........#..........#
........##............#
........####...<......#
........# #..........#


You could see Yendor's ghost.

Vanquished Creatures
  A hill giant (D:10)
  A komodo dragon (D:9)
  A two-headed ogre (D:8)
  9 yaks
  4 orc warriors
  An ice beast (D:10)
  A sky beast (D:10)
  2 eyes of draining
  2 black bears
  4 centaurs
  4 ogres
  2 giant frogs
  A gnoll sergeant (D:8)
  Blork the orc (D:6)
  2 scorpions (D:9)
  3 killer bees (D:9)
  2 howler monkeys
  4 crimson imps
  2 jellies
  2 orc priests
  A centaur skeleton (D:8)
  2 hounds
  2 giant frog skeletons
  An iguana (D:9)
  3 orc wizards
  Jessica (D:3)
  9 worker ants
  A hound zombie (D:9)
  2 hound skeletons
  9 gnolls
  14 adders
  2 shadow imps
  3 oozes
  2 adder skeletons
  3 worms
  2 dart slugs
  7 giant geckos
  22 orcs
  3 giant cockroaches
  10 goblins
  6 hobgoblins
  6 jackals
  7 kobolds
  2 quokkas
  2 ball pythons
  6 bats
  A giant cockroach zombie (D:6)
  A giant gecko skeleton (D:5)
  3 giant newts
  3 rats
185 creatures vanquished.

Vanquished Creatures (others)
  5 sheep (D:6)
  An adder (D:2)
  A kobold (D:9)
7 creatures vanquished.

Grand Total: 192 creatures vanquished

Notes
Turn   | Place    | Note
--------------------------------------------------------------
     0 | D:1      | Oddball22 the Vine Stalker Artificer began the quest for the Orb.
     0 | D:1      | Reached XP level 1. HP: 9/9 MP: 3/3
   104 | D:1      | Reached skill level 1 in Fighting
   252 | D:1      | Reached XP level 2. HP: 14/14 MP: 5/5
   645 | D:2      | Reached skill level 2 in Fighting
   645 | D:2      | Reached XP level 3. HP: 10/18 MP: 4/6
   687 | D:2      | Found a stormy altar of Qazlal.
  1047 | D:2      | Reached XP level 4. HP: 16/23 MP: 7/7
  1302 | D:3      | Noticed Jessica
  1314 | D:3      | Killed Jessica
  1419 | D:3      | Reached skill level 1 in Spellcasting
  1419 | D:3      | Reached XP level 5. HP: 17/28 MP: 6/8
  1546 | D:3      | Reached skill level 3 in Fighting
  2148 | D:4      | Found a staircase to the Ecumenical Temple.
  2154 | Temple   | Entered the Ecumenical Temple
  2262 | Temple   | Became a worshipper of Ru the Awakened
  2380 | D:4      | Noticed an ogre
  2384 | D:4      | Killed an ogre
  2384 | D:4      | Gained mutation: You heal very quickly. [Vine Stalker growth]
  2384 | D:4      | Reached XP level 6. HP: 31/33 MP: 9/9
  2395 | D:4      | Found a sparkling altar of Nemelex Xobeh.
  2624 | D:4      | Found a snail-covered altar of Cheibriados.
  2693 | D:4      | Reached skill level 4 in Fighting
  2814 | D:4      | Found an iron altar of Okawaru.
  3026 | D:5      | Entered Level 5 of the Dungeon
  3119 | D:5      | Reached XP level 7. HP: 23/37 MP: 6/11
  3240 | D:5      | Found a shadowy altar of Dithmenos.
  3258 | D:5      | Found an oddly glowing altar of Pakellas.
  3534 | D:5      | Found a glowing golden altar of the Shining One.
  3539 | D:5      | Gained mutation: You cannot read scrolls while threatened. [Ru sacrifice]
  3539 | D:5      | Reached * piety under Ru
  3788 | D:6      | Noticed Blork the orc
  3798 | D:6      | Killed Blork the orc
  3803 | D:6      | Reached skill level 5 in Fighting
  4292 | D:6      | Found a shimmering altar of Xom.
  4492 | D:6      | Gained mutation: You have razor-sharp teeth. [Vine Stalker growth]
  4492 | D:6      | Reached XP level 8. HP: 43/43 MP: 12/14
  5237 | D:7      | Found a bloodstained altar of Trog.
  5490 | D:7      | Gained mutation: You cannot be stealthy. [Ru sacrifice]
  5490 | D:7      | Reached ** piety under Ru
  5544 | D:7      | Reached skill level 5 in Evocations
  5748 | D:8      | Reached skill level 6 in Fighting
  5830 | D:8      | Noticed a two-headed ogre
  5836 | D:8      | Killed a two-headed ogre
  5915 | D:8      | Found Uxtoq's Antique Weapon Shoppe.
  5956 | D:8      | Reached XP level 9. HP: 33/49 MP: 14/16
  6598 | D:9      | Reached skill level 7 in Fighting
  6788 | D:9      | Found Zin's Purification Station.
  6792 | D:9      | Found a glowing silver altar of Zin.
  6996 | D:9      | Noticed a komodo dragon
  6999 | D:9      | Killed a komodo dragon
  6999 | D:9      | Reached skill level 5 in Spellcasting
  7012 | D:9      | Reached skill level 5 in Dodging
  7066 | D:9      | Found a staircase to the Lair.
  7246 | D:9      | Reached skill level 8 in Fighting
  7252 | D:9      | Reached XP level 10. HP: 35/56 MP: 15/19
  7487 | D:10     | Entered Level 10 of the Dungeon
  7495 | D:10     | Found Ojouhi's Weapon Emporium.
  7496 | D:10     | Found a staircase to the Orcish Mines.
  7732 | D:10     | Noticed a hill giant
  7741 | D:10     | Killed a hill giant
  7957 | D:10     | Reached skill level 9 in Fighting
  8058 | D:10     | Noticed Yendor's ghost (novice SpEn)
  8120 | D:10     | HP: 2/58 [Yendor's ghost/spray of energy (10)]
  8126 | D:10     | HP: 1/58 [Yendor's ghost (2)]
  8129 | D:10     | Killed from afar by Yendor's ghost

Vault maps used:
D:1:      nagdon_arrival_double_spiral
D:2:      grunt_qazlal_clouds
D:3:      wad_pebble_path, first_bread, minmay_three_crescents, uniq_jessica
D:4:      cheibriados_altar_wand_db, nicolae_overflow_crystal_walls,
          nemelex_deck, minmay_temple_entry_enclosed_plants
D:5:      grunt_pakellas_sulfur, tso_metal_star, basic_altar
D:6:      grunt_ministairs_13, kb_xom_exploding_sheep, uniq_blork_the_orc
D:7:      lightli_temple_of_fire
D:8:      serial_shops, nicolae_shop_temple_entry_statues_fountains
D:9:      zin_purify, lair_0_dummy
D:10:     orc_david_3, uniq_erica
Temple:   triangle_lava_temple_12

Skill      XL: |  1  2  3  4  5  6  7  8  9 10 |
---------------+-------------------------------+-----
Fighting       | 1 2 3 4 5 6 8 9 |  9.1
Evocations     | 3 4 5 6 7 |  7.0
Dodging        | 2 3 4 5 6 |  6.0
Spellcasting   | 1 2 3 4 5 6 |  6.6
Stealth        | 0 |  0.0
Short Blades   | |  0.8

Action                   |  1- 3 |  4- 6 |  7- 9 | 10-12 || total
-------------------------+-------+-------+-------+-------++-------
Melee: Short sword       |   105 |   211 |    15 |       ||   331
       Rapier            |       |       |   208 |    19 ||   227
       Long sword        |       |       |   108 |   107 ||   215
       Trident           |       |       |       |     5 ||     5
Invok: Sacrifice Words   |       |       |     1 |       ||     1
       Sacrifice Stealth |       |       |     1 |       ||     1
       Reject Sacrifices |       |       |     1 |       ||     1
Evoke: Wand              |     2 |    10 |     9 |     5 ||    26
       Deck              |       |       |     1 |       ||     1
       Phantom mirror    |       |       |       |     1 ||     1
  Use: Potion            |       |       |     5 |       ||     5
       Scroll            |       |       |    19 |       ||    19
 Stab: Sleeping          |     1 |       |       |       ||     1
       Distracted        |       |       |     2 |       ||     2
       Invisible         |       |       |       |     1 ||     1
  Eat: Chunk             |     1 |     7 |    14 |     3 ||    25
